 Dungeon Crawl Stone Soup version 0.25.1-2-g60ff931df9 (webtiles) character file.

Game seed: 2764346181392753635

69 gruber the Chopper (level 4, -3/40 HPs)
             Began as a Deep Dwarf Fighter on Aug 20, 2020.
             Slain by Terence
             ... wielding a +0 mace
              (5 damage)
             ... on level 3 of the Dungeon.
             The game lasted 00:01:41 (1770 turns).

gruber the Chopper (Deep Dwarf Fighter)             Turns: 1770, Time: 00:01:42

Health: -3/40      AC:  6    Str: 20    XL:     4   Next: 2%
Magic:  4/4        EV:  7    Int:  9    God:
Gold:   162        SH:  9    Dex: 12    Spells: 3/3 levels left

rFire    . . .     SeeInvis .   a - +0 war axe
rCold    . . .     Gourm    .   c - +0 kite shield
rNeg     . . .     Faith    .   b - +0 scale mail
rPois    .         Spirit   .   (no helmet)
rElec    .         Reflect  .   (no cloak)
rCorr    .         Harm     .   (no gloves)
MR       .....                  (no boots)
Stlth    ..........             (no amulet)
HPRegen  0.00/turn              (no ring)
MPRegen  0.09/turn              (no ring)

@: mighty, non-regenerating
A: damage resistance, heal wounds, sense surroundings 1, no regeneration
a: Heal Wounds


You were on level 3 of the Dungeon.
You were not hungry.

You visited 1 branch of the dungeon, and saw 3 of its levels.

You collected 162 gold pieces.

Inventory:

Hand Weapons
 a - a +0 war axe (weapon)
Missiles
 h - 40 poisoned darts (quivered)
Armour
 b - a +0 scale mail (worn)
 c - a +0 kite shield (worn)
Scrolls
 e - 2 scrolls of immolation {unknown}
 g - a scroll of fear {unknown}
 j - a scroll of remove curse {unknown}
 m - 2 scrolls of identify {unknown}
 n - a scroll of teleportation {unknown}
 p - a scroll of noise {unknown}
Potions
 k - 2 potions of curing {unknown}
 l - a potion of heal wounds {unknown}
 o - a potion of ambrosia {unknown}
 q - a potion of brilliance {unknown}
 r - a potion of haste {unknown}
 s - a potion of invisibility {unknown}
 t - a potion of berserk rage {unknown}
Comestibles
 f - 3 rations
 i - 4 chunks of flesh


   Skills:
 - Level 2.6 Fighting
 + Level 4.8 Axes
 - Level 3.2 Armour
 - Level 3.2 Shields


You had 3 spell levels left.
You didn't know any spells.
Your spell library was empty.

Dungeon Overview and Level Annotations

Branches:
Dungeon (3/15)

Altars:
Yredelemnul

Annotations:
D:3 Grinder, Terence


Innate Abilities, Weirdness & Mutations

You are resistant to damage.
You can heal yourself by infusing magical energy.
You passively map a small area around you.
You do not regenerate.


Message History

Grinder hits you.
You writhe in agony.
Grinder hits you.
You writhe in agony.
Grinder hits you.
You writhe in agony.
* * * LOW HITPOINT WARNING * * *
You can move again.
Unknown command.
Unknown command.
Unknown command.
You slash Grinder!
Grinder is almost dead.
Grinder gestures at you. Pain shoots through your body!
* * * LOW HITPOINT WARNING * * *
Your shield and scale mail prevent you from hitting Grinder.
Grinder is almost dead.
Grinder blinks!
Terence hits you with a +0 mace.
You slash Terence!
Terence is heavily wounded.
Terence hits you with a +0 mace.
You die...

#.#....# ##>......## #.#.#.###.
#.#....####.........###.........
#.........'.........'...........
#......####........)####....###.
#......# ##.......## ##...#**,
###.#### ##.....## ##...#* #.#
##...## #.#.# #.# ##'## #.#.#*,
#.# #@# #.#.# #รท# #@#* #.# .5.
, #.# ..... * * #.# * #......
#.####### ........
#<.................
#########.........## ,,


You could see Grinder and Terence.

Vanquished Creatures
  2 adders (D:2)
  A dart slug (D:1)
  A worm (D:2)
  2 ball pythons
  3 bats
  4 giant cockroaches
  5 hobgoblins
  4 jackals (D:3)
  3 frilled lizards
  8 goblins
  3 kobolds
  10 rats
  A spectral orc (D:2)
47 creatures vanquished.

Notes
Turn   | Place    | Note
-------+----------+-------------------------------------------
     0 | D:1      | gruber the Deep Dwarf Fighter began the quest for the Orb.
     0 | D:1      | Reached XP level 1. HP: 20/20 MP: 1/1
   267 | D:1      | Reached skill level 3 in Axes
   294 | D:1      | Reached XP level 2. HP: 25/27 MP: 2/2
   792 | D:2      | Reached skill level 4 in Axes
   792 | D:2      | Reached XP level 3. HP: 17/33 MP: 3/3
  1111 | D:2      | Found a basalt altar of Yredelemnul.
  1732 | D:3      | Reached XP level 4. HP: 19/40 MP: 4/4
  1756 | D:3      | Noticed Grinder
  1757 | D:3      | Noticed Terence
  1762 | D:3      | Paralysed by Grinder for 6 turns
  1768 | D:3      | HP: 2/40 [Grinder/nerve-wracking pain (8)]
  1770 | D:3      | Slain by Terence

Illustrated notes

Levels and vault maps discovered:
D:1:      psy_arrival_conway, layout_loops_ring, st_stairs_10
D:2:      layout_loops_corners, yredelemnul_forgotten_temple_becter,
          serial_glass, glass_columns_b, glass_columns_a, glass_columns_b,
          glass_columns_b, glass_columns_a, glass_columns_b, glass_columns_a,
          glass_columns_c, glass_columns_b, glass_columns_b, glass_columns_b,
          glass_columns_a, glass_columns_a, glass_columns_a,
          minmay_strange_pillars, feat_on_display, feat_on_display
D:3:      layout_loops_corners, nemelex_xobeh_ov_fountains_minmay,
          chequers_ecumenical_altar_simple, uniq_terence, uniq_grinder

Skill      XL: |  1  2 |
---------------+-------+-----
Axes           | 3 4 |  4.8
Fighting       | |  2.6
Armour         | |  3.2
Shields        | |  3.2

Action                   |  1- 3 |  4- 6 || total
-------------------------+-------+-------++-------
Melee: War axe           |   128 |     5 ||   133
 Abil: Heal Wounds       |       |     1 ||     1
  Use: Potion            |       |     1 ||     1
  Eat: Chunk             |     3 |       ||     3
Armor: Scale mail        |    56 |       ||    56
Dodge: Dodged            |    33 |       ||    33
Block: Kite shield       |    67 |     1 ||    68
